 Dungeon Crawl Stone Soup version 0.31-a0-246-g8cbcc1cb85 (webtiles) character file.

Game seed: 9012335891354862551

86 qw the Shooter (level 4, -1/36 HPs)
             Began as a Minotaur Hexslinger on July 12, 2023.
             Slain by a gnoll
             ... wielding a +0 flail
              (4 damage)
             ... on level 2 of the Dungeon.
             The game lasted 00:00:41 (1438 turns).

qw the Shooter (Minotaur Hexslinger)                Turns: 1438, Time: 00:00:41

Health: -1/36      AC:  3    Str: 11 (13) XL:     4   Next: 27%
Magic:  4/4        EV: 12    Int:  7 (10) God:
Gold:   120        SH:  0    Dex: 18 (20) Spells: 4/5 levels left

rFire   + . .        Y - +1 sling
rCold   . . .        (no shield)
rNeg    . . .        c - +0 robe
rPois   .            n - +1 hat
rElec   .            (no cloak)
rCorr   .            (no gloves)
SInv    .            (no boots)
Will    .....        m - amulet of faith
Stlth   ++           i - +6 ring of dexterity
HPRegen 0.26/turn    l - ring of protection from fire
MPRegen 0.09/turn

%: faith
@: about to teleport
A: horns 2, retaliatory headbutt
a: no special abilities


You were on level 2 of the Dungeon.
You visited 1 branch of the dungeon, and saw 3 of its levels.

You collected 120 gold pieces.


Innate Abilities, Weirdness & Mutations

You have a pair of horns on your head.
You reflexively headbutt those who attack you in melee.


   Skills:
 - Level 2.0 Fighting
 + Level 4.8 Ranged Weapons
 - Level 2.1 Dodging
 - Level 1.0 Spellcasting
 - Level 2.0 Hexes


You had 4 spell levels left.
You knew the following spells:

 Your Spells              Type           Power      Damage    Failure   Level
a - Slow                  Hex            12%        N/A       19%         1

Your spell library contained the following spells:

 Spells                   Type           Power      Damage    Failure   Level
 Inner Flame              Hex/Fire       1%         N/A       63%         3
 Portal Projectile        Hex/Tloc       2%         N/A       63%         3
 Cause Fear               Hex            1%         N/A       88%         4

Inventory:

Hand Weapons
 Y - a +1 sling (weapon)
Armour
 c - a +0 robe (worn)
 n - a +1 hat (worn)
Jewellery
 i - a +6 ring of dexterity (left hand)
 j - an amulet of regeneration
 l - a ring of protection from fire (right hand)
 m - an amulet of faith (around neck)
Potions
 d - a potion of brilliance {unknown}
 e - a potion of attraction {unknown}
 f - a potion of invisibility {unknown}
 g - a potion of magic {unknown}
 h - a potion of might {unknown}
 k - a potion of berserk rage {unknown}
 p - a potion of curing {unknown}

Dungeon Overview and Level Annotations

Branches:
Dungeon (3/15)

Altars:
Vehumet


Message History

You shoot a sling bullet.
The sling bullet hits the gnoll but does no damage.
The gnoll is severely wounded.
You shoot a sling bullet. The sling bullet hits the gnoll.
You kill the gnoll!
You have reached level 4!
You feel stronger.
You shoot a sling bullet.
The sling bullet closely misses the gnoll.
You shoot a sling bullet. The sling bullet hits the gnoll.
The gnoll is moderately wounded.
You shoot a sling bullet.
The sling bullet hits the gnoll but does no damage.
The gnoll is moderately wounded.
The gnoll closely misses you. The gnoll hits you with a +0 flail!
The gnoll hits you with a +0 flail.
1432 ||| STAIRDANCE The gnoll hits you with a +0 flail!
The gnoll hits you with a +0 flail.
You climb upwards.
There is a stone staircase leading down here.
You shoot a sling bullet. The sling bullet hits the gnoll!
The gnoll is severely wounded.
The gnoll barely misses you. The gnoll closely misses you.
You shoot a sling bullet.
The sling bullet closely misses the gnoll.
The gnoll barely misses you. You furiously retaliate!
You headbutt the gnoll! The gnoll hits you with a +0 flail.
1436 ||| READING scroll of teleportation.
As you read the scroll of teleportation, it crumbles to dust.
You feel strangely unstable. The gnoll barely misses you.
You furiously retaliate!
You headbutt the gnoll.
You kill the gnoll!
The gnoll hits you with a +0 flail.
You shoot a sling bullet.
The sling bullet hits the gnoll but does no damage.
The gnoll is almost dead.
The gnoll closely misses you.
You shoot a sling bullet.
The sling bullet barely misses the gnoll.
The gnoll hits you with a +0 flail.
You die...

#.#..##.# #.#.....#
###########%#...###
#........%....#.#
#.#############.# ####.#
#...#....#.##### ...#.#
#.#¤#¤##.#.....#
##.#.####.#.#.##.#####.#
............!..)@g.....#
##.#.####.#.###.########
#.#.####.#¤#...#
#......#.#.#.###
####..##.#.#.#
#..#......#
#####..#..##.##
..#....#.....#
#...##....#..# ######


You could see a gnoll.

Vanquished Creatures
  2 gnolls
  An adder (D:2)
  A dart slug (D:1)
  6 bats
  3 endoplasms
  3 giant cockroaches
  6 goblins
  6 hobgoblins
  4 jackals (D:1)
  9 kobolds
  A quokka (D:1)
  3 ball pythons
  5 frilled lizards
  2 rats
52 creatures vanquished.

Notes
Turn   | Place    | Note
-------+----------+-------------------------------------------
     0 | D:1      | qw the Minotaur Hexslinger began the quest for the Orb.
     0 | D:1      | Reached XP level 1. HP: 16/16 MP: 1/1
     0 | D:1      | 0 ||| qw: Version: 0.3-a-52-g30416fa
     0 | D:1      | 0 ||| qw: Game counter: 6557
     0 | D:1      | 0 ||| qw: Melee chars always use a shield: true
     0 | D:1      | 0 ||| qw: God list: Okawaru
     0 | D:1      | 0 ||| qw: Allow faded altars: false
     0 | D:1      | 0 ||| qw: Do Orc after clearing Dungeon:15 true
     0 | D:1      | 0 ||| qw: Do second Lair branch before Depths: true
     0 | D:1      | 0 ||| qw: Lair rune preference: random
     0 | D:1      | 0 ||| qw: Goals: Normal
     0 | D:1      | 0 ||| PLANNING D:1-11
    70 | D:1      | 70 ||| FLEEEEING.
    71 | D:1      | 71 ||| FLEEEEING.
   137 | D:1      | Reached skill level 3 in Ranged Weapons
   137 | D:1      | Reached XP level 2. HP: 23/23 MP: 2/2
   617 | D:1      | Reached XP level 3. HP: 29/29 MP: 3/3
   759 | D:1      | 759 ||| UPGRADING to amulet of regeneration.
   764 | D:1      | 764 ||| READING scroll labelled DITARPH REAFUNT.
   765 | D:1      | 765 ||| READING scroll labelled NEDEUHUIHE.
   770 | D:1      | 770 ||| READING 2 scrolls labelled REGGAA LOKA.
   771 | D:1      | 771 ||| DROPPING scroll of poison.
   772 | D:1      | 772 ||| DROPPING scroll of noise.
   854 | D:2      | Found a radiant altar of Vehumet.
   978 | D:2      | Reached skill level 4 in Ranged Weapons
  1400 | D:2      | 1400 ||| UPGRADING to +1 hat.
  1405 | D:2      | 1405 ||| UPGRADING to amulet of faith.
  1415 | D:2      | 1415 ||| UPGRADING to +6 ring of dexterity.
  1416 | D:2      | 1416 ||| UPGRADING to ring of protection from fire.
  1417 | D:2      | 1417 ||| READING scroll labelled DUFOIC IPSY.
  1418 | D:2      | 1418 ||| DRINKING 4 fizzy sapphire potions.
  1419 | D:2      | 1419 ||| DROPPING 3 potions of degeneration.
  1429 | D:3      | Reached XP level 4. HP: 36/36 MP: 4/4
  1432 | D:3      | 1432 ||| STAIRDANCE
  1435 | D:2      | HP: 8/36 [gnoll/+0 flail (4)]
  1436 | D:2      | 1436 ||| READING scroll of teleportation.
  1436 | D:2      | HP: 2/36 [gnoll/+0 flail (6)]
  1438 | D:2      | Slain by a gnoll

Levels and vault maps discovered:
D:1:      lemuel_arrival_behind_the_door_large, layout_loops_ring,
          supply_closet_lemuel
D:2:      layout_basic, basic_altar
D:3:      layout_basic, mainiacjoe_overflow_tiny_flanked,
          mainiacjoe_overflow_24_doors, ebering_ecumenical_altar_petrified

Skill      XL: |  1  2  3 |
---------------+----------+-----
Ranged Weapons | 3 4 |  4.8
Fighting       | 2 |  2.0
Dodging        | |  2.1
Spellcasting   | |  1.0
Hexes          | |  2.0

Action                     |  1- 3 |  4- 6 || total
---------------------------+-------+-------++-------
   Fire: Sling             |   134 |     7 ||   141
    Use: Scroll            |     4 |     1 ||     5
         Potion            |     1 |       ||     1
 Armour: Robe              |    15 |       ||    15
  Dodge: Dodged            |    27 |     6 ||    33

Table legend:
 A = Non-vault XP
 B = Vault XP
 C = Vault XP percentage of total XP
 D = Non-vault monster count
 E = Vault monster count
 F = Vault count percentage of total count
                 A         B        C        D         E       F
            +---------+---------+-------+---------+---------+-------
      Total |     124 |       0 |   0.0 |      52 |       0 |   0.0
            +---------+---------+-------+---------+---------+-------
        D:1 |      50 |       0 |   0.0 |      29 |       0 |   0.0
        D:2 |      60 |       0 |   0.0 |      22 |       0 |   0.0
        D:3 |      14 |       0 |   0.0 |       1 |       0 |   0.0
            +---------+---------+-------+---------+---------+-------
